 Dungeon Crawl Stone Soup version 0.18.1-5-g4a78601 (webtiles) character file.

316 Gorice the Slasher (level 6, -3/37 HPs)
             Began as a Tengu Transmuter on May 14, 2016.
             Slain by Grinder (9 damage)
             ... while paralysed by Grinder
             ... on level 4 of the Dungeon.
             The game lasted 00:26:18 (4264 turns).

Gorice the Slasher (Tengu Transmuter)               Turns: 4264, Time: 00:26:18

Health: -3/37      AC:  6    Str: 13    XL:     6   Next: 44%
Magic:  10/10      EV:  2    Int: 13    God:
Gold:   54         SH:  0    Dex: 14    Spells: 1 memorised, 8 levels left

rFire  . . .     SeeInvis .     a - +2 scimitar (slice)
rCold  . . .     Gourm    .     l - +0 ring mail
rNeg   . . .     Faith    .     (no shield)
rPois  +         Spirit   .     (helmet restricted)
rElec  .         Dismiss  .     f - +0 cloak
rCorr  .         Reflect  +     (no gloves)
SustAt .         Harm     .     (boots unavailable)
MR     .....                    A - +2 amulet of reflection
Stlth  +.........               (no ring)
                                (no ring)

@: paralysed, drained, not resistant to hostile enchantments, very unstealthy
A: beak, talons 3, poison resistance, able to fly 1
a: Fly


You were on level 4 of the Dungeon.
You were not hungry.

You visited 1 branch of the dungeon, and saw 4 of its levels.

You collected 170 gold pieces.
You spent 116 gold pieces at shops.

Inventory:

Hand Weapons
 a - a +2 scimitar of slicing (weapon)
   (You bought it in a shop on level 4 of the Dungeon)
 j - a +2 flail of venom
   (You took it off Edmund on level 4 of the Dungeon)
 k - a +0 hand axe
 o - a +1 spear
 t - a +0 trident
 w - a +0 flail
 x - a +0 falchion
 B - a +0 long sword
Missiles
 e - 62 arrows
 p - 22 poisoned needles
 Z - 80 stones (quivered)
Armour
 b - a +0 robe
 f - a +0 cloak (worn)
 l - a +0 ring mail (worn)
 r - a +0 chain mail
 v - a +0 plate armour
Jewellery
 y - an uncursed amulet of harm
 A - a +2 amulet of reflection (around neck)
Scrolls
 g - 2 scrolls of identify
 q - 3 scrolls of recharging
 s - a scroll of remove curse
 Y - a scroll of magic mapping {!r}
Potions
 i - a potion of curing
 m - a potion of magic {!q}
 u - a potion of flight
Books
 c - a book of Changes
Comestibles
 d - 4 bread rations {!e}
 h - a meat ration {!e}
 n - a beef jerky


   Skills:
 - Level 3.3(3.1) Fighting
 * Level 5.7(5.5) Long Blades
 - Level 2.1(2.0) Dodging
 - Level 3.2(3.1) Unarmed Combat
 - Level 2.0(1.8) Spellcasting
 - Level 1.5(1.4) Transmutations


You had 8 spell levels left.
You knew the following spells:

 Your Spells              Type           Power        Failure   Level  Hunger
a - Beastly Appendage     Trmt           #.....       38%         1    ##.....


Dungeon Overview and Level Annotations

Branches:
Dungeon (4/15)
 Temple: D:4-7

Altars:
Gozag
Kikubaaqudgha
Pakellas
Sif Muna

Shops:
D:3 }   D:4 *[}*

Annotations:
D:3 Zhenya25pyc's ghost, amateur GrFi
D:4 Grinder; Pikel; Uhlv's ghost, amateur MiFi


Innate Abilities, Weirdness & Mutations

You have a beak for a mouth.
You have claws for feet.
You can fly.
Your system is resistant to poisons.


Message History

Level annotation: Zhenya25pyc's ghost, amateur GrFi
There is a stone staircase leading down here.
You miss the slave. The slave misses you.
You barely miss the slave. You claw the slave, but do no damage.
Your peck misses the slave. The slave hits you but does no damage.
You slash the slave! You peck the slave.
The slave is severely wounded.
The slave hits you.
Damage: 3 (max 3)
You closely miss the slave.
The slave is severely wounded.
The slave closely misses you.
You slash the slave!
You kill the slave!
That felt strangely unrewarding.
You see here an animal skin.
You are feeling hungry.
There is a stone staircase leading down here.
You start resting.
Eating one of 2 chunks of flesh.
This raw flesh tastes terrible.
You continue eating. x2
HP restored.
All of the chunks of flesh in your inventory have rotted away.
There is a stone staircase leading down here.
You climb downwards.
Level annotation: Grinder; Pikel; Uhlv's ghost, amateur MiFi
There is a stone staircase leading up here.
Uhlv's ghost turns its malevolent gaze towards you.
Press: ? - help, v - describe, . - travel
Here: Uhlv's ghost The floor.
Unknown command.
Grinder hits you but does no damage.
There is an escape hatch in the floor here.
Grinder hits you!
You writhe in agony. x2
Damage: 8 (max 8) Grinder gestures at you.
You suddenly lose the ability to move!
Grinder hits you. Uhlv's ghost hits you!
* * * LOW HITPOINT WARNING * * *
Grinder says, "Just stop there for a second..."
Grinder hits you.
* * * LOW HITPOINT WARNING * * *
You writhe in agony.
* * * LOW HITPOINT WARNING * * *
Uhlv's ghost wails, "What do you have that I didn't have?"
Uhlv's ghost hits you but does no damage.
Grinder hits you!
You die...

#.##.##.#....#####.####.#..#
#.##.##.#..#######.####.#..#
.....##.#..# #.........#..#
#.##.##.#..# #>#..####.#..#
#.##.##.#..# #.#..# #.#..#
#.##.##....# #.#..####.#..#
#.##.# ##.#####.#..#.##.#..#
#.##.# #.........<...#....#
#.##.# #.#...>5@..#.....#.###
#.##.# ##.#..).W..####...#.5.#
#.##.###..#............#####.#
#................####... .#
#..#######............... .#
#..# #......##........ .# #..#
#....### ###..#### .# #..#
#.#### .... .# #..# #.# .#


You could see Grinder and Uhlv's ghost.

Vanquished Creatures
  Edmund (D:4)
  A slave (D:3)
  2 hounds (D:4)
  4 adders (D:3)
  An ooze (D:3)
  5 worms
  A dart slug (D:3)
  3 giant geckos
  8 orcs
  3 giant cockroaches
  5 goblins
  15 hobgoblins
  3 jackals
  A quokka (D:1)
  A ball python (D:1)
  8 bats
  A giant gecko zombie (D:3)
  2 giant newts
  5 kobolds
  3 rats
73 creatures vanquished.

Notes
Turn   | Place    | Note
--------------------------------------------------------------
     0 | D:1      | Gorice the Tengu Transmuter began the quest for the Orb.
     0 | D:1      | Reached XP level 1. HP: 12/12 MP: 4/4
   254 | D:1      | Reached skill level 2 in Fighting
   254 | D:1      | Reached XP level 2. HP: 15/17 MP: 6/6
   968 | D:2      | Found an opulent altar of Gozag.
  1072 | D:2      | Reached XP level 3. HP: 21/22 MP: 7/7
  1143 | D:2      | Reached skill level 3 in Fighting
  1393 | D:2      | Found a faded altar to an unknown god.
  1586 | D:3      | Found a deep blue altar of Sif Muna.
  1586 | D:3      | Found an ancient bone altar of Kikubaaqudgha.
  1995 | D:2      | HP: 2/23 [orc/trident (6)]
  2005 | D:3      | Reached skill level 1 in Long Blades
  2039 | D:3      | Noticed Zhenya25pyc's ghost (amateur GrFi)
  2100 | D:3      | Reached XP level 4. HP: 28/28 MP: 5/8
  2119 | D:3      | HP: 8/28 [poisoned by an adder]
  2124 | D:3      | HP: 6/28 [poisoned by an adder]
  2129 | D:2      | HP: 4/28 [poisoned by an adder]
  2136 | D:2      | HP: 3/28 [poisoned by an adder]
  2144 | D:2      | HP: 2/28 [poisoned by an adder]
  2454 | D:3      | Reached skill level 2 in Long Blades
  2714 | D:3      | Gained mutation: Your system is resistant to poisons. [potion of beneficial mutation]
  2866 | D:3      | Found an oddly glowing altar of Pakellas.
  2867 | D:3      | Found Pakellas's Prime Provisions.
  2956 | D:3      | Reached skill level 3 in Long Blades
  3249 | D:3      | Gained mutation: You can fly. [Tengu growth]
  3249 | D:3      | Reached XP level 5. HP: 32/32 MP: 9/9
  3686 | D:4      | Noticed Edmund
  3727 | D:4      | HP: 7/32 [Edmund/flail of venom (7)]
  3733 | D:4      | Killed Edmund
  3733 | D:4      | Reached skill level 5 in Long Blades
  3733 | D:4      | Reached XP level 6. HP: 23/37 MP: 10/10
  3739 | D:4      | Noticed Uhlv's ghost (amateur MiFi)
  3740 | D:4      | Noticed Pikel
  4012 | D:4      | Found Vanoc's Assorted Antiques.
  4024 | D:4      | Found Qich's Gadget Emporium.
  4053 | D:4      | Bought a glowing scimitar for 116 gold pieces
  4057 | D:4      | Found Efil's Armour Boutique.
  4077 | D:4      | Found Wyraecut's Assorted Antiques.
  4117 | D:4      | Noticed Grinder
  4124 | D:4      | Paralysed by Grinder for 3 turns
  4180 | D:4      | Noticed a slave
  4187 | D:3      | Killed a slave
  4260 | D:4      | Paralysed by Grinder for 5 turns
  4263 | D:4      | HP: 11/37 [Grinder (5)]
  4263 | D:4      | HP: 5/37 [Grinder (6)]
  4264 | D:4      | Slain by Grinder

Skill      XL: |  1  2  3  4  5 |
---------------+----------------+-----
Fighting       | 2 3 |  3.3
Long Blades    | 1 3 5 |  5.7
Dodging        | |  2.1
Unarmed Combat | |  3.2
Spellcasting   | |  2.0
Transmutations | |  1.5

Action                   |  1- 3 |  4- 6 || total
-------------------------+-------+-------++-------
Melee: Unarmed           |    96 |    61 ||   157
       Headbutt          |    15 |    11 ||    26
       Kick              |    21 |    33 ||    54
       Peck              |     7 |    26 ||    33
       Long sword        |       |    65 ||    65
       Punch             |       |     2 ||     2
       Scimitar          |       |     5 ||     5
Throw: Stone             |    47 |    24 ||    71
 Cast: Beastly Appendage |    26 |    13 ||    39
  Use: Scroll            |    11 |     3 ||    14
       Potion            |     1 |     3 ||     4
 Stab: Sleeping          |     3 |       ||     3
  Eat: Chunk             |     4 |     8 ||    12
Armor: Robe              |    33 |    10 ||    43
       Ring mail         |       |    22 ||    22
Dodge: Dodged            |    73 |    66 ||   139
Block: Other             |       |     2 ||     2
       Reflection        |       |     1 ||     1

Table legend:
 A = Turns spent in this place as a percentage of turns spent in the entire game.
 B = Non-inter-level travel turns spent in this place as a percentage of non-inter-level travel turns spent in the entire game.
 C = Inter-level travel turns spent in this place as a percentage of turns spent in this place.
 D = Turns resting spent in this place as a percentage of non-inter-level travel turns spent in this place.
 E = Turns spent auto-exploring this place as a percentage of non-inter-level travel turns spent in this place.
 F = Non-inter-level travel turns spent in this place divided by the number of levels of this place that you've seen.
                   A       B       C       D       E      F
               +-------+-------+-------+-------+-------+----------------------
         Total | 100.0 | 100.0 |   0.8 |   2.1 |   4.3 | 416.2
       Dungeon | 100.0 | 100.0 |   0.8 |   2.1 |   4.3 | 416.2
               +-------+-------+-------+-------+-------+----------------------

Vault maps used:
D:1:      dpeg_arrival_circle_labyrinth_a
D:2:      grunt_gozag_breadcrumbs, ecumenical_altar_2
D:3:      johnstein_pakellas_shop, grunt_temple_overflow_open, first_bread,
          grunt_ministairs_5, glass_columns_c, minmay_box_of_dots
D:4:      grunt_temple_overflow_holy_war, gammafunk_temple_overflow_elements,
          serial_shops, shop, kennysheep_mini_moat, nicolae_shop_stone,
          nicolae_shop_statue_plus, shop_fountains, hangedman_decor_peaks_small,
          uniq_grinder, uniq_pikel, uniq_edmund
